 Dungeon Crawl Stone Soup version 0.23-a0-396-g5214e5f (webtiles) character file.

3153 galech the Cudgeler (level 9, -3/69 HPs)
             Began as a Demonspawn Fighter on Nov 2, 2018.
             Was a Believer of Okawaru.
             Killed from afar by Harold (13 damage)
             ... with a harpoon shot
             ... on level 7 of the Dungeon.
             The game lasted 00:11:07 (6689 turns).

galech the Cudgeler (Demonspawn Fighter)            Turns: 6689, Time: 00:11:08

Health: -3/69      AC:  9    Str: 20    XL:     9   Next: 62%
Magic:  9/9        EV:  7    Int: 10    God:    Okawaru [**....]
Gold:   596        SH:  0    Dex: 16    Spells: 8/8 levels left

rFire    . . .     SeeInvis +   E - +3 war axe (elec)
rCold    . . .     Gourm    .   c - +0 shield
rNeg     . . .     Faith    .   H - +1 leather armour of Fun {Str+4}
rPois    .         Spirit   .   (helmet unavailable)
rElec    .         Reflect  .   A - +0 cloak
rCorr    .         Harm     .   t - +0 pair of gloves
MR       .....                  j - +1 pair of boots
Stlth    ++........             (no amulet)
HPRegen  0.21/turn              (no ring)
MPRegen  0.11/turn              (no ring)

@: held
A: antennae 3, repulsion field 2, spiny 2
a: Heroism, Renounce Religion


You were on level 7 of the Dungeon.
You worshipped Okawaru.
Okawaru was pleased with you.
You were not hungry.

You visited 2 branches of the dungeon, and saw 8 of its levels.
You also visited: Ossuary.

You collected 596 gold pieces.

Inventory:

Hand Weapons
 d - a +6 flail of crushing
 E - a +3 war axe of electrocution (weapon)
Armour
 c - a +0 shield (worn)
 j - a +1 pair of boots (worn)
 n - a +0 scale mail of fire resistance
 r - a +0 chain mail
 t - a +0 pair of gloves (worn)
 v - the +0 robe of Ennui {rC+ MR+ SInv}
   (You found it on level 4 of the Dungeon)

   It protects you from cold.
   It affects your resistance to hostile enchantments.
   It lets you see invisible.
 A - a +0 cloak (worn)
 H - the +1 leather armour of Fun (worn) {Str+4}
   (You found it on level 6 of the Dungeon)

   It affects your strength (+4).
Wands
 u - a wand of digging (6)
 x - a wand of acid (9)
Scrolls
 h - 6 scrolls of teleportation
 k - a scroll of identify
 p - a scroll of remove curse
 s - 4 scrolls of amnesia
 y - a scroll of fog
 B - 2 scrolls of blinking
Potions
 a - a potion of cancellation {unknown}
 b - a potion of berserk rage {unknown}
 e - 2 potions of haste {unknown}
 g - 5 potions of heal wounds {unknown}
 i - 3 potions of magic {unknown}
 l - a potion of ambrosia {unknown}
 m - a potion of invisibility {unknown}
 o - a potion of might
 q - a potion of lignification {unknown}
 w - 2 potions of curing
 z - a potion of agility {unknown}
 C - a potion of mutation {unknown}
 D - a potion of flight {unknown}
 G - 2 potions of brilliance {unknown}
Comestibles
 f - 11 rations
 F - 5 chunks of flesh


   Skills:
 + Level 6.2 Fighting
 + Level 5.5(6.9) Axes
 + Level 6.3(7.3) Maces & Flails
 + Level 5.6 Armour
 + Level 3.1 Dodging
 + Level 2.4 Stealth
 + Level 4.7 Shields
 + Level 0.2 Unarmed Combat
 + Level 0.8 Invocations


You had 8 spell levels left.
You didn't know any spells.
Your spell library contained the following spells:

 Spells                   Type           Power        Failure   Level  Hunger
 Summon Small Mammal      Summ           #...         86%         1    ##.....
 Call Imp                 Summ           #.......     94%         2    ###....
 Call Canine Familiar     Summ           #.......     99%         3    ####...
 Summon Guardian Golem    Hex/Summ       #.......     99%         3    ####...
 Summon Ice Beast         Ice/Summ       #.......     100%        4    #####..
 Summon Lightning Spire   Summ/Air       #.......     100%        4    #####..


Dungeon Overview and Level Annotations

Branches:
Dungeon (7/15)             Temple (1/1) D:5

Altars:
Ashenzari
Dithmenos
Gozag
Hepliaklqana
Kikubaaqudgha
Nemelex Xobeh
Okawaru
Qazlal
Ru
Sif Muna
Uskayaw
Wu Jian
Xom
Zin
The Shining One

Shops:
D:6 (

Annotations:
D:7 2 transporters, Harold; tsouns's ghost, novice DrGl


Innate Abilities, Weirdness & Mutations

You have a pair of large antennae on your head. (SInv)
You are surrounded by a moderate repulsion field. (EV +3)
You are mostly covered in sharp spines.


Message History

You feel very sick. You block the bullfrog's attack.
Harold hits you from afar with a +1 glaive of venom!!
The bullfrog is struck by your spines.
You kill the bullfrog!
Okawaru accepts your kill.
Your Dodging skill increases to level 3!
You feel sick.
Harold throws a throwing net.
The throwing net hits you.
You become entangled in the net!
You see here a throwing net.
You struggle against the net.
You feel sick.
You feel better.
Harold hits you from afar with a +1 glaive of venom!!
* * * LOW HITPOINT WARNING * * *
You are lethally poisoned!
You feel better.
You struggle against the net.
Harold casts a spell at you. The harpoon shot hits you!
You die...

#.......# #..#.#...
## # #..#.##(#
#.######.
#.###....##.#
#........ ........#.#
#####.... ..........#
#..###
.###@†#.#.######.##8.
#.............#uo.
##@.#.#.######.#W.. #
#.......# #.#y..
#..###.###.#.# #.#...
#.<.....?....# #.#...
#.####.###.### #.#...
#.###...##.# #.#...
#...÷÷÷....# .##8.
#####...#### ##.##


You could see Harold.

Vanquished Creatures
  The ghost of Karim the Cudgeler, a novice NaFi of Ashenzari (D:5)
  The ghost of Moebius the Chopper, an amateur DsAK of Lugonu (D:4)
  Sigmund (D:5)
  Edmund (D:6)
  Duvessa (D:4)
  A water moccasin (D:7)
  An orc warrior (D:6)
  A sky beast (D:7)
  A black bear (D:7)
  A phantom (D:6)
  2 ogres
  4 bullfrogs
  A water moccasin zombie (D:6)
  A scorpion (D:5)
  Dowan (D:4)
  4 howler monkeys
  3 crimson imps
  2 hounds
  Crazy Yiuf (D:3)
  2 jellies
  6 orc wizards
  Ijyb (D:3)
  A bullfrog skeleton (D:7)
  Terence (D:3)
  5 worker ants
  2 hound zombies
  8 mummies (Ossuary)
  A worker ant zombie (D:7)
  9 adders
  A howler monkey skeleton (D:4)
  A shadow imp (D:6)
  An adder zombie (D:6)
  3 adder skeletons
  A worm (D:4)
  3 dart slugs
  5 leopard geckos
  2 orcs (D:4)
  7 bats
  8 giant cockroaches
  A gnoll zombie (Ossuary)
  5 goblins
  7 hobgoblins
  A kobold (D:2)
  3 quokkas
  A frilled lizard (D:1)
  5 hobgoblin zombies (Ossuary)
  A kobold zombie (Ossuary)
  A leopard gecko skeleton (D:6)
  An orc zombie (Ossuary)
  A quokka skeleton (D:7)
  9 rats
133 creatures vanquished.

Vanquished Creatures (others)
  2 toadstools (D:3)
2 creatures vanquished.

Grand Total: 135 creatures vanquished

Notes
Turn   | Place    | Note
-------+----------+-------------------------------------------
     0 | D:1      | galech the Demonspawn Fighter began the quest for the Orb.
     0 | D:1      | Reached XP level 1. HP: 18/18 MP: 1/1
   211 | D:1      | Gained mutation: You have a pair of small antennae on your
                  | head. [demonic ancestry]
   211 | D:1      | Reached XP level 2. HP: 24/24 MP: 2/2
   710 | D:2      | Gained mutation: You are surrounded by a mild repulsion
                  | field. (EV +2) [demonic ancestry]
   710 | D:2      | Reached XP level 3. HP: 21/29 MP: 3/3
   946 | D:2      | Found an ornate altar of the Wu Jian Council.
  1233 | D:2      | Gained mutation: You have a pair of antennae on your head.
                  | [demonic ancestry]
  1233 | D:2      | Reached XP level 4. HP: 35/35 MP: 4/4
  1617 | D:3      | Noticed Ijyb
  1698 | D:3      | Killed Ijyb
  1698 | D:3      | Reached skill level 1 in Dodging
  1955 | D:3      | Found a sacrificial altar of Ru.
  2054 | D:3      | Found a sparkling altar of Nemelex Xobeh.
  2150 | D:3      | Noticed Terence
  2163 | D:3      | Killed Terence
  2163 | D:3      | Gained mutation: You are partially covered in sharp spines.
                  | [demonic ancestry]
  2163 | D:3      | Reached XP level 5. HP: 13/41 MP: 5/5
  2380 | D:3      | Found a runed door.
  2995 | D:3      | Noticed Crazy Yiuf
  2999 | D:3      | Killed Crazy Yiuf
  3073 | D:4      | Gained mutation: You have a pair of large antennae on your
                  | head. (SInv) [demonic ancestry]
  3073 | D:4      | Reached XP level 6. HP: 14/48 MP: 6/6
  3468 | D:4      | Reached skill level 1 in Maces & Flails
  3474 | D:4      | Found a large runed door.
  3474 | D:4      | Found a large runed door.
  3477 | D:4      | Noticed Moebius's ghost (amateur DsAK)
  3487 | D:4      | Noticed Duvessa
  3487 | D:4      | Noticed Dowan
  3494 | D:4      | Killed Dowan
  3501 | D:4      | Killed Duvessa
  3501 | D:4      | Reached XP level 7. HP: 8/55 MP: 7/7
  3777 | D:4      | Got a shimmering robe
  3788 | D:4      | Identified the +0 robe of Ennui {rC+ MR+ SInv} (You found
                  | it on level 4 of the Dungeon)
  4066 | D:4      | Found an opulent altar of Gozag.
  4359 | D:5      | Entered Level 5 of the Dungeon
  4378 | D:5      | Noticed Karim's ghost (novice NaFi)
  4397 | D:5      | Found a transporter.
  4401 | D:5      | Found a transporter.
  4484 | D:5      | Noticed Sigmund
  4493 | D:5      | Killed Sigmund
  4493 | D:5      | Reached skill level 1 in Stealth
  4537 | D:5      | Found a staircase to the Ecumenical Temple.
  4553 | Temple   | Entered the Ecumenical Temple
  4684 | Temple   | Became a worshipper of Warmaster Okawaru
  4735 | D:5      | Reached skill level 5 in Fighting
  4735 | D:5      | Gained mutation: You are mostly covered in sharp spines.
                  | [demonic ancestry]
  4735 | D:5      | Reached XP level 8. HP: 53/62 MP: 8/8
  5068 | D:6      | Found Suilevacwi's Antique Weapon Shop.
  5070 | D:6      | Noticed Edmund
  5084 | D:6      | Killed Edmund
  5236 | D:6      | Reached * piety under Okawaru
  5236 | D:6      | Reached skill level 5 in Maces & Flails
  5236 | D:6      | Reached skill level 5 in Armour
  5381 | D:6      | Got an ancient leather armour
  5392 | D:6      | Identified the +1 leather armour of Fun {Str+4} (You found
                  | it on level 6 of the Dungeon)
  5469 | D:6      | Found a deep blue altar of Sif Muna.
  5726 | D:6      | Found a glowing golden altar of the Shining One.
  5904 | D:4      | Killed Moebius's ghost
  5904 | D:4      | Gained mutation: You are surrounded by a moderate repulsion
                  | field. (EV +3) [demonic ancestry]
  5904 | D:4      | Reached XP level 9. HP: 68/68 MP: 6/9
  6065 | D:5      | Killed Karim's ghost
  6169 | D:7      | Reached ** piety under Okawaru
  6194 | D:7      | Found a sand-covered staircase.
  6198 | Ossuary  | Entered an ossuary
  6600 | D:7      | Reached skill level 5 in Axes
  6610 | D:7      | Noticed a green ugly thing
  6611 | D:7      | Noticed tsouns's ghost (novice DrGl)
  6612 | D:7      | Found a transporter.
  6613 | D:7      | Found a transporter.
  6679 | D:7      | Noticed Harold
  6689 | D:7      | Killed from afar by Harold

Vault maps used:
D:1:      ebering_hopf_link
D:2:      nicolae_overflow_crystal_walls, minmay_ruptured
D:3:      nemelex_xobeh_ov_fountains_minmay, hangedman_ru_absence,
          minmay_gold_behind_fungi, uniq_crazy_yiuf_cottage, uniq_terence,
          uniq_ijyb
D:4:      kennysheep_mini_moat, first_ration, ebering_ghost_disaster_area,
          uniq_duvessa
D:5:      minmay_temple_entry_statues_fountains, gammafunk_ghost_arena,
          uniq_sigmund
D:6:      tso_oasis_becter, led_sif_book, serial_shops, nicolae_shop_stone,
          uniq_edmund
D:7:      marbit_many_paths, cheibriados_altar_1, basic_altar, enter_ossuary_5,
          serial_shops, shop_scrolls, gammafunk_ghost_arena, uniq_menkaure,
          uniq_harold
Temple:   minmay_temple_curvy_loop
Ossuary:  ossuary_tomb_3

Skill      XL: |  1  2  3  4  5  6  7  8  9 |
---------------+----------------------------+-----
Axes           | 2 3 4 5 |  5.5
Shields        | 3 4 |  4.7
Armour         | 3 4 5 |  5.6
Dodging        | 1 2 3 |  3.1
Fighting       | 4 5 6 |  6.2
Maces & Flails | 2 4 5 6 |  6.3
Stealth        | 1 2 |  2.4
Unarmed Combat | |  0.2
Invocations    | |  0.8

Action                   |  1- 3 |  4- 6 |  7- 9 || total
-------------------------+-------+-------+-------++-------
Melee: War axe           |   118 |    73 |    86 ||   277
       Unarmed           |       |    58 |       ||    58
       Flail             |       |    50 |    87 ||   137
Invok: Heroism           |       |       |     3 ||     3
  Use: Potion            |       |     1 |     2 ||     3
       Scroll            |       |       |     9 ||     9
 Stab: Sleeping          |       |       |     5 ||     5
  Eat: Chunk             |     1 |     4 |    11 ||    16
       Ration            |       |     1 |       ||     1
Armor: Scale mail        |    72 |    29 |    29 ||   130
       Chain mail        |       |    25 |       ||    25
       Leather armour    |       |       |    15 ||    15
Dodge: Dodged            |    40 |    73 |    52 ||   165
Block: Shield            |    83 |    51 |    62 ||   196

Table legend:
 A = Non-vault XP
 B = Vault XP
 C = Vault XP percentage of total XP
 D = Non-vault monster count
 E = Vault monster count
 F = Vault count percentage of total count
                 A         B        C        D         E       F
            +---------+---------+-------+---------+---------+-------
      Total |    2646 |    1859 |  41.3 |     104 |      29 |  21.8
            +---------+---------+-------+---------+---------+-------
        D:1 |      28 |       0 |   0.0 |      14 |       0 |   0.0
        D:2 |      45 |      29 |  39.2 |      19 |       3 |  13.6
        D:3 |      28 |     118 |  80.8 |      12 |       3 |  20.0
        D:4 |     458 |     471 |  50.7 |      17 |       3 |  15.0
        D:5 |     328 |     884 |  72.9 |      10 |       2 |  16.7
        D:6 |     884 |     206 |  18.9 |      19 |       2 |   9.5
        D:7 |     875 |       0 |   0.0 |      13 |       0 |   0.0
    Ossuary |       0 |     151 | 100.0 |       0 |      16 | 100.0
            +---------+---------+-------+---------+---------+-------
